 Dungeon Crawl Stone Soup version 0.19.0-11-g3fc08b3 (webtiles) character file.

422023 tyedyeguy the Executioner (level 22, -1/209 HPs)
             Began as a Minotaur Berserker on Nov 9, 2016.
             Was the Champion of Trog.
             Slain by a caustic shrike (12 damage)
             ... on level 3 of the Depths.
             The game lasted 04:42:08 (51750 turns).

tyedyeguy the Executioner (Minotaur Berserker)     Turns: 51750, Time: 04:42:09

Health: -1/209     AC: 23    Str: 21    XL:     22   Next: 67%
Magic:  28/28      EV: 16    Int:  4    God:    Trog [******]
Gold:   2088       SH: 31    Dex: 18    Spells: 0 memorised, 21 levels left

rFire  + + .     SeeInvis .     z - +6 broad axe (flame)
rCold  + + .     Gourm    .     W - +9 plate armour {rC+}
rNeg   + + +     Faith    .     Q - +2 large shield
rPois  .         Spirit   .     a - +0 hat "Cenybbujov" {rElec rF+ Str-3}
rElec  +         Reflect  +     q - +0 cloak
rCorr  .         Harm     .     b - +0 pair of gloves
MR     +....                    I - +2 pair of boots "Gygoac" {rF+ rN+++ MR- Regen+}
Stlth  ..........               M - +6 amulet of reflection
                                J - ring of protection from magic
                                V - ring "Tiagad" {*Drain rC+ rN+ Stlth+}

@: corroded, very slightly contaminated, invisible
A: retaliatory headbutt, horns 2
a: Berserk, Trog's Hand, Brothers in Arms, Burn Spellbooks, Renounce Religion
}: 2/15 runes: serpentine, barnacled


You were on level 3 of the Depths.
You worshipped Trog.
Trog was exalted by your worship.
You were not hungry.

You visited 8 branches of the dungeon, and saw 42 of its levels.

You collected 4246 gold pieces.
You spent 2158 gold pieces at shops.

Inventory:

Hand Weapons
 x - a +2 demon trident of electrocution
 z - a +6 broad axe of flaming (weapon)
 A - the +3 Elemental Staff {rElec rF++ rC++ MR++ AC+5}
   (You found it on level 4 of the Shoals)

   It affects your AC (+5).
   It greatly protects you from fire.
   It greatly protects you from cold.
   It insulates you from electricity.
   It affects your resistance to hostile enchantments.
Armour
 a - the +0 hat "Cenybbujov" (worn) {rElec rF+ Str-3}
   (You acquired it on level 1 of the Elven Halls)

   It affects your strength (-3).
   It protects you from fire.
   It insulates you from electricity.
 b - a +0 pair of gloves (worn)
 m - the +0 pair of boots of Dim Light {rPois MR+ Int+2}
   (You found it on level 7 of the Dungeon)

   It affects your intelligence (+2).
   It protects you from poison.
   It affects your resistance to hostile enchantments.
 q - a +0 cloak (worn)
 I - the +2 pair of boots "Gygoac" (worn) {rF+ rN+++ MR- Regen+}
   (You found it on level 3 of the Depths)

   It protects you from fire.
   It renders you almost immune to negative energy.
   It affects your resistance to hostile enchantments.
   It increases your rate of regeneration.
 Q - a +2 large shield (worn)
 W - a +9 plate armour of cold resistance (worn)
 X - the +5 plate armour "Guomecs" {*Corrode +Blink rElec Dex-5}
   (You took it off a deep elf high priest on level 3 of the Elven Halls)

   It affects your dexterity (-5).
   It insulates you from electricity.
   It lets you blink.
   It may corrode you when you take damage.
Jewellery
 u - a +2 amulet of reflection
 w - an uncursed ring of protection from fire
 y - the ring of Hyttics {rN+ Int+4}
   (You acquired it on level 4 of the Shoals)

   [ring of intelligence]

   It affects your intelligence (+4).
   It protects you from negative energy.
 D - a +5 ring of protection
 J - a ring of protection from magic (right hand)
 M - a +6 amulet of reflection (around neck)
 U - the amulet of Vitality {Regen+ HP+15}
   (You found it on level 6 of the Lair of Beasts)

   [amulet of regeneration]

   It affects your health (+15).
   It increases your rate of regeneration.
 V - the ring "Tiagad" (left hand) {*Drain rC+ rN+ Stlth+}
   (You found it on level 3 of the Depths)

   [ring of stealth]

   It protects you from cold.
   It protects you from negative energy.
   It causes draining when unequipped.
   It makes you more stealthy.
Wands
 C - a wand of lightning (14/15)
 G - a wand of lightning (4/15)
 P - a wand of iceblast (6/15)
 S - a wand of digging (9/24)
 Z - a wand of acid (5/15)
Scrolls
 g - 19 scrolls of remove curse
 i - a scroll of brand weapon
 l - 4 scrolls of fog
 n - 7 scrolls of identify
 p - 4 scrolls of recharging
 r - 3 scrolls of teleportation
 v - 5 scrolls of fear
 H - 4 scrolls of holy word
 N - 2 scrolls of summoning
Potions
 e - 4 potions of invisibility
 f - 5 potions of might
 h - 4 potions of agility
 j - 9 potions of flight
 o - 11 potions of curing
 t - 4 potions of cure mutation
 R - a potion of haste
 Y - 2 potions of resistance
Miscellaneous
 d - a sack of spiders
 k - 2 phantom mirrors
 E - a phial of floods
 L - a lamp of fire
 O - a box of beasts
 T - a fan of gales
Comestibles
 c - 26 bread rations
 B - 3 royal jellies
 F - 12 meat rations


   Skills:
 + Level 20.2 Fighting
 + Level 23.0 Axes
 + Level 20.0 Armour
 + Level 16.8 Dodging
 - Level 5.3 Stealth
 + Level 19.9 Shields
 - Level 10.5 Evocations


You had 21 spell levels left.
You didn't know any spells.

Dungeon Overview and Level Annotations

Branches:
Dungeon (15/15)            Temple (0/1) D:7            Lair (6/6) D:8
 Shoals (4/4) Lair:4        Snake (4/4) Lair:4        Slime (0/5) Lair:6
    Orc (2/2) D:10            Elf (3/3) Orc:2        Vaults (4/5) D:13
  Crypt (0/3) Vaults:3     Depths (4/5) D:15

Altars:
Dithmenos
Fedhas
Kikubaaqudgha
Makhleb
Xom
Yredelemnul
Jiyva

Shops:
D:8 (   D:9 [   D:13 *   Orc:1 ?(}*   Orc:2 %[[*   Elf:1 (   Elf:2 *
Snake:2 =}=   Snake:3 ([   Snake:4 =!(   Vaults:1 *   Vaults:2 (   Vaults:3 (
Depths:1 *

Portals:
Hell: Depths:1 Depths:3
Abyss: Depths:1 Depths:4
Pandemonium: Depths:3
Trove: D:14 (give 6 potions of agility)

Annotations:
Elf:1 exclusion: Roxanne, Roxanne
Elf:2 3 runed doors
Depths:2 1 runed door


Innate Abilities, Weirdness & Mutations

You reflexively headbutt those who attack you in melee.
You have a pair of horns on your head.


Message History

You slash the caustic shrike! You burn the caustic shrike.
You hit the caustic shrike. You slash the caustic shrike!
You block the caustic shrike's attack. x2; The caustic shrike claws you!!
* * * LOW HITPOINT WARNING * * *
You are splashed with acid!
The acid burns!
* * * LOW HITPOINT WARNING * * *
The caustic shrike claws you!
* * * LOW HITPOINT WARNING * * *
You are splashed with acid!
The acid burns!
* * * LOW HITPOINT WARNING * * *
You feel better.
You block the caustic shrike's attack. x2
The caustic shrike claws you.
* * * LOW HITPOINT WARNING * * *
You are splashed with acid!
The acid burns!
* * * LOW HITPOINT WARNING * * *
The caustic shrike claws you but does no damage.
You block the caustic shrike's attack.
The caustic shrike claws you but does no damage.
The caustic shrike claws you!
You die...

##### ###...## ###...#..#
##### ##...b..#.#########....
########....b@............'...
#.........§§bb...#########....
##.#.###.§§§###...............
#.#<..≈.§§§..................
#.###.§§≈≈≈##...############.
#....§≈§≈.......#............
######≈≈≈.≈##>#.#............
##≈≈≈.....#.#............
#...§...###.#...#########


You could see 4 caustic shrikes.

Vanquished Creatures
  A juggernaut (Depths:2)
  Sojobo (Depths:2)
  2 caustic shrikes
  Saint Roka (Vaults:4)
  Jory (Vaults:2)
  Jorgrun (Vaults:1)
  A tentacled monstrosity (Depths:4)
  A lich (Depths:1)
  Asterion (Depths:2)
  A deep elf master archer (Elf:3)
  A kraken (Shoals:2)
  A sphinx (D:15)
  Kirke (D:15)
  6 tengu reavers
  A storm dragon (Depths:2)
  Ilsuiw (Shoals:4)
  4 fire giants
  8 nagarajas
  2 orc warlords
  2 vault wardens
  9 deep elf sorcerers
  7 frost giants
  A ghoul (Vaults:3)
  3 deep elf elementalists (Elf:3)
  8 ironheart preservers
  A spriggan defender (Depths:2)
  Aizul (Shoals:1)
  Louise (D:15)
  15 very ugly things
  12 stone giants
  A vampire knight (Depths:2)
  7 deep elf annihilators
  6 spark wasps
  6 deep elf demonologists
  Snorg (Lair:5)
  A merfolk javelineer (Shoals:2)
  3 fire dragons
  4 deep elf death magi
  3 ettins
  8 merfolk impalers
  7 deep elf high priests
  5 rakshasas
  10 great orbs of eyes
  7 yaktaur captains
  13 naga warriors
  Erolcha (Orc:1)
  4 vault guards
  6 ice dragons
  The ghost of Wolfechu the Carver, a journeyman HOFi of Elyvilon (Lair:3)
  7 hydras
  Harold (Lair:3)
  2 death knights
  3 centaur warriors
  7 anacondas
  3 merfolk aquamancers
  A satyr (Shoals:2)
  Erica (D:9)
  An alligator snapping turtle (Shoals:2)
  A deep troll shaman (Depths:2)
  19 ogre magi
  4 tengu warriors
  A vampire mage (Depths:4)
  18 dancing weapons
  9 deep troll earth magi
  Urug (D:14)
  20 deep elf knights
  2 small abominations
  11 naga sharpshooters
  2 spriggan berserkers
  6 shock serpents
  3 spriggans (Depths:4)
  2 shadow wraiths
  4 hell knights (Depths:3)
  2 salamander mystics
  13 sea snakes
  An unseen horror (shapeshifter) (Depths:2)
  9 glowing orange brains
  5 flayed ghosts
  4 wizards
  A death drake (shapeshifter) (Depths:1)
  17 ironbrand convokers
  6 naga ritualists
  Pikel (D:6)
  14 deep trolls
  6 hill giants
  19 deep elf archers
  2 phantasmal warriors
  7 harpies (Shoals:4)
  5 necromancers
  9 salamanders
  7 mana vipers
  7 orc knights
  5 wolf spiders
  A shadow dragon skeleton (Vaults:4)
  51 deep elf magi
  4 orc sorcerers
  23 ugly things
  7 cyclopes
  11 manticores
  10 fauns
  A tengu skeleton (Vaults:4)
  An elephant (shapeshifter) (Vaults:2)
  A guardian serpent (shapeshifter) (Vaults:2)
  16 naga magi
  3 human skeletons (Vaults:4)
  A fire giant skeleton (Vaults:4)
  8 water nymphs
  4 guardian serpents (Snake:4)
  38 black mambas
  4 vault sentinels
  16 eyes of devastation (Depths:3)
  2 gargoyles
  4 sirens
  24 spiny frogs
  A storm dragon simulacrum (Vaults:2)
  10 freezing wraiths
  A yaktaur (shapeshifter) (Vaults:4)
  A human zombie (Vaults:4)
  A rime drake (Lair:2)
  4 tengu conjurers
  3 komodo dragons
  29 yaktaurs
  2 trolls
  A queen bee (Depths:2)
  2 ice devils (Lair:2)
  3 polar bears
  3 trolls (shapeshifter)
  4 tyrant leeches (Lair:6)
  A meliai (shapeshifter) (Depths:2)
  3 meliai (D:13)
  6 wind drakes
  12 merfolk
  20 blink frogs
  Grinder (D:6)
  31 two-headed ogres
  A two-headed ogre (shapeshifter) (D:13)
  Prince Ribbit (D:9)
  A wind drake (shapeshifter) (Depths:1)
  4 dream sheep (Shoals:2)
  2 slime creatures (shapeshifter)
  13 hippogriffs
  2 raiju (shapeshifter) (Vaults:3)
  37 slime creatures
  4 hornets
  5 snapping turtles (Shoals:4)
  A human simulacrum (Vaults:4)
  A stone giant simulacrum (Vaults:1)
  A centaur simulacrum (D:15)
  6 air elementals
  4 wraiths
  4 basilisks
  22 water elementals
  2 shadows
  28 yaks
  A tarantella (shapeshifter) (D:14)
  Eustachio (D:6)
  A human (D:9)
  2 wyverns
  A hog (shapeshifter) (Vaults:2)
  7 hogs
  A fire bat (shapeshifter) (Depths:1)
  2 golden eyes (Depths:3)
  3 fire elementals
  67 nagas
  A yaktaur simulacrum (Vaults:4)
  Edmund (D:6)
  7 vampire mosquitoes
  2 mottled dragons
  3 wargs
  A soldier ant (D:14)
  A soldier ant (shapeshifter) (Vaults:3)
  4 porcupines
  18 water moccasins
  A swamp drake (D:10)
  An ettin simulacrum (Vaults:2)
  A hornet zombie (D:8)
  3 ice beasts
  Duvessa (D:5)
  6 sky beasts
  A slave (D:6)
  27 orc warriors
  2 eyes of draining
  7 phantoms
  69 ogres
  8 boggarts
  15 centaurs
  A necrophage (D:6)
  An ogre (shapeshifter) (Vaults:1)
  15 wolves
  10 crocodiles
  A crocodile (shapeshifter) (Elf:1)
  27 bullfrogs
  A water moccasin zombie (D:6)
  3 earth elementals
  A gnoll sergeant (D:9)
  5 scorpions
  Dowan (D:5)
  26 killer bees
  2 vampire bats (Orc:1)
  9 electric eels
  A howler monkey (D:10)
  7 wights
  6 crimson imps
  2 quasits
  3 bullfrog zombies
  2 centaur zombies
  21 jellies
  2 centaur skeletons
  6 hounds
  15 orc priests
  25 orc wizards
  3 hell rats (D:7)
  10 worker ants
  Natasha (D:4)
  5 iguanas
  A hound zombie (D:11)
  A worker ant zombie (D:8)
  Robin (D:2)
  7 gnolls
  A howler monkey skeleton (D:5)
  5 river rats (D:7)
  19 adders
  4 shadow imps
  2 oozes
  4 adder skeletons
  A worm (D:2)
  6 dart slugs (D:1)
  11 leopard geckos
  81 orcs
  7 bats
  5 giant cockroaches
  19 goblins
  10 hobgoblins
  11 jackals
  3 quokkas
  2 frilled lizards
  13 kobolds
  2 quokka zombies
  25 rats
  6 fungi
  9 plants
  4 tentacles (Shoals:2)
1705 creatures vanquished.

Vanquished Creatures (collateral kills)
  3 nagarajas (Snake:4)
  2 deep elf sorcerers
  2 frost giants
  3 ironheart preservers
  2 deep elf annihilators
  2 merfolk javelineers (Shoals:4)
  6 merfolk impalers (Shoals:4)
  3 ogre magi
  A yaktaur captain (Vaults:1)
  A rakshasa (Vaults:1)
  5 naga warriors (Snake:4)
  A merfolk aquamancer (Shoals:4)
  5 naga sharpshooters
  2 deep elf knights
  2 deep elf archers (Elf:2)
  2 naga ritualists
  4 ironbrand convokers
  9 deep elf magi
  A manticore (Shoals:4)
  An orc sorcerer (Vaults:1)
  A wolf spider (Vaults:2)
  2 black mambas (Snake:3)
  A vault sentinel (Vaults:1)
  2 sirens (Shoals:4)
  4 guardian serpents
  4 naga magi
  2 freezing wraiths
  2 yaktaurs (Vaults:1)
  A guardian mummy (D:14)
  5 merfolk
  A polar bear (shapeshifter) (Vaults:1)
  12 two-headed ogres
  4 snapping turtles
  12 nagas
  6 orc warriors
  24 ogres
  An orc priest (Orc:1)
  2 orc wizards
  An orc (Vaults:1)
144 creatures vanquished.

Vanquished Creatures (others)
  Nikola (Shoals:1)
  A deep elf master archer (Elf:3)
  A war gargoyle (Vaults:4)
  A stone giant (Depths:2)
  3 naga sharpshooters
  3 deep elf knights
  A sea snake (Shoals:1)
  3 deep elf archers
  A deep elf mage (Elf:1)
  A siren (Shoals:1)
  14 yaktaurs
  A slave (D:6)
  A worker ant (D:6)
  12 fungi
  50 plants
  7 tentacles (Shoals:2)
101 creatures vanquished.

Grand Total: 1950 creatures vanquished

Notes
Turn   | Place    | Note
-------+----------+-------------------------------------------
     0 | D:1      | tyedyeguy the Minotaur Berserker began the quest for the Orb.
     0 | D:1      | Reached XP level 1. HP: 19/19 MP: 0/0
    10 | D:1      | Reached skill level 4 in Axes
    53 | D:1      | Reached XP level 2. HP: 18/26 MP: 1/1
   439 | D:1      | Reached skill level 5 in Axes
   478 | D:1      | Reached XP level 3. HP: 22/31 MP: 2/2
   678 | D:1      | Reached ** piety under Trog
  1116 | D:2      | Reached XP level 4. HP: 26/39 MP: 3/3
  1117 | D:2      | Reached skill level 6 in Axes
  1120 | D:2      | Noticed Robin
  1128 | D:2      | Killed Robin
  2083 | D:3      | Reached skill level 7 in Axes
  2083 | D:3      | Reached XP level 5. HP: 45/45 MP: 4/4
  2163 | D:3      | Reached *** piety under Trog
  3042 | D:4      | Reached skill level 8 in Axes
  3136 | D:4      | Noticed a phantom
  3166 | D:4      | Killed a phantom
  3166 | D:4      | Reached XP level 6. HP: 34/51 MP: 5/5
  3378 | D:4      | Reached skill level 9 in Axes
  3542 | D:4      | Reached XP level 7. HP: 30/57 MP: 6/6
  3957 | D:4      | Noticed Natasha
  3968 | D:4      | Killed Natasha
  4209 | D:5      | Entered Level 5 of the Dungeon
  4274 | D:5      | Noticed Dowan
  4291 | D:5      | Killed Dowan
  4291 | D:5      | Reached skill level 10 in Axes
  4305 | D:5      | Noticed Duvessa
  4313 | D:5      | Killed Duvessa
  4565 | D:5      | Reached skill level 11 in Axes
  4913 | D:5      | Reached XP level 8. HP: 60/64 MP: 7/7
  4997 | D:6      | Noticed Edmund
  5010 | D:6      | Killed Edmund
  5010 | D:6      | Reached skill level 12 in Axes
  5189 | D:6      | Noticed Grinder
  5197 | D:6      | Killed Grinder
  5197 | D:6      | Reached **** piety under Trog
  5275 | D:6      | Reached skill level 13 in Axes
  5392 | D:6      | Noticed Eustachio
  5427 | D:6      | Killed Eustachio
  5482 | D:6      | Noticed Pikel
  5517 | D:6      | Killed Pikel
  5517 | D:6      | Reached skill level 14 in Axes
  5517 | D:6      | Reached XP level 9. HP: 61/70 MP: 8/8
  5974 | D:7      | Found a staircase to the Ecumenical Temple.
  5981 | D:7      | Reached skill level 1 in Shields
  6283 | D:7      | Reached skill level 5 in Fighting
  6594 | D:7      | Got a pair of scorched boots
  6603 | D:7      | Identified the cursed +0 pair of boots of Dim Light {rPois MR+ Int+2} (You found it on level 7 of the Dungeon)
  6955 | D:8      | Reached ***** piety under Trog
  6997 | D:8      | Reached skill level 5 in Armour
  7044 | D:8      | Found a burning altar of Makhleb.
  7221 | D:8      | Reached XP level 10. HP: 83/83 MP: 9/9
  7234 | D:8      | Reached skill level 5 in Shields
  7594 | D:8      | Found Ytydan's Weapon Emporium.
  7600 | D:8      | Bought a +0 war axe for 52 gold pieces
  7698 | D:8      | Found a staircase to the Lair.
  7774 | Lair:1   | Entered Level 1 of the Lair of Beasts
  7779 | Lair:1   | Noticed a spiny frog
  7795 | Lair:1   | Killed a spiny frog
  7799 | Lair:1   | Noticed a spiny frog
  7808 | Lair:1   | Killed a spiny frog
  7863 | Lair:1   | Noticed a spiny frog
  7875 | Lair:1   | Killed a spiny frog
  8015 | Lair:1   | Reached skill level 15 in Axes
  8131 | Lair:1   | Found a blossoming altar of Fedhas.
  8661 | Lair:2   | Reached XP level 11. HP: 75/95 MP: 10/10
  9252 | Lair:2   | Found a frozen archway.
  9389 | Lair:3   | Noticed Wolfechu's ghost (journeyman HOFi)
  9422 | Lair:3   | Killed Wolfechu's ghost
  9559 | Lair:3   | Identified a scroll of acquirement
  9667 | Lair:3   | Noticed Harold
  9685 | Lair:3   | Killed Harold
 10259 | Lair:4   | Reached skill level 10 in Fighting
 10262 | Lair:4   | Noticed an eight-headed hydra
 10272 | Lair:4   | Killed a three-headed hydra
 10272 | Lair:4   | Reached skill level 16 in Axes
 10441 | Lair:4   | Reached skill level 10 in Armour
 10441 | Lair:4   | Reached XP level 12. HP: 99/106 MP: 11/11
 10819 | Lair:4   | Found a staircase to the Snake Pit.
 10948 | Lair:4   | Found a staircase to the Shoals.
 11079 | Lair:4   | Found a basalt altar of Yredelemnul.
 11477 | Lair:5   | Reached skill level 10 in Shields
 11582 | Lair:5   | Noticed Snorg
 11590 | Lair:5   | Killed Snorg
 11804 | Lair:5   | Reached ****** piety under Trog
 11951 | Lair:5   | Received a gift from Trog
 12460 | Lair:6   | Entered Level 6 of the Lair of Beasts
 12465 | Lair:6   | Noticed a four-headed hydra
 12809 | Lair:6   | Reached skill level 1 in Evocations
 13087 | Lair:6   | Reached XP level 13. HP: 87/116 MP: 13/13
 13212 | Lair:6   | Reached skill level 17 in Axes
 13221 | Lair:6   | Received a gift from Trog
 13731 | Lair:6   | Reached skill level 5 in Dodging
 13950 | Lair:6   | Found a staircase to the Slime Pits.
 14454 | D:9      | Got an ichor-stained robe
 14465 | D:9      | Identified the +1 robe of Mopredel {-Cast rF+ rC+} (You found it on level 9 of the Dungeon)
 14693 | D:9      | Found Efecag's Antique Armour Emporium.
 14767 | D:9      | Noticed Prince Ribbit
 14780 | D:9      | Killed Prince Ribbit
 15020 | D:9      | Noticed Erica
 15028 | D:9      | Killed Erica
 15309 | D:9      | Bought a glowing plate armour for 870 gold pieces
 15363 | D:9      | Received a gift from Trog
 15487 | D:10     | Entered Level 10 of the Dungeon
 15718 | D:10     | Found a staircase to the Orcish Mines.
 16068 | Orc:1    | Entered Level 1 of the Orcish Mines
 16068 | Orc:1    | Found Texeawun's General Store.
 16169 | Orc:2    | Entered Level 2 of the Orcish Mines
 16205 | Orc:2    | Noticed an orc warlord
 16248 | Orc:2    | Killed an orc warlord
 16474 | Orc:2    | Received a gift from Trog
 16476 | Orc:2    | Reached XP level 14. HP: 127/127 MP: 16/16
 16493 | Orc:2    | Reached skill level 1 in Stealth
 16501 | Orc:2    | Found Noryobb's Armour Shop.
 16501 | Orc:2    | Found Pojustar's Food Emporium.
 16502 | Orc:2    | Found Meinal's General Store.
 16502 | Orc:2    | Found Zemosegh's Antique Armour Shop.
 16530 | Orc:2    | Got a crystal rapier {god gift}
 16531 | Orc:2    | Identified the +9 rapier "Jetat" {drain, rN+} (Trog gifted it to you on level 2 of the Orcish Mines)
 16678 | Orc:2    | Found a staircase to the Elven Halls.
 17177 | Orc:1    | Found Dykul's Gadget Boutique.
 17230 | Orc:1    | Noticed Erolcha
 17239 | Orc:1    | Killed Erolcha
 17410 | Orc:1    | Found Edeth's Weapon Emporium.
 17453 | Orc:1    | Found Miec's Magic Scroll Boutique.
 17456 | Orc:1    | Bought a scroll of identify for 28 gold pieces
 17456 | Orc:1    | Bought a scroll of identify for 28 gold pieces
 17684 | Orc:2    | Bought a scroll of brand weapon for 320 gold pieces
 17940 | D:11     | Received a gift from Trog
 18198 | D:11     | Found a viscous altar of Jiyva.
 19036 | D:13     | Reached skill level 5 in Evocations
 19403 | D:13     | Found Ehaetwes's Assorted Antiques.
 19406 | D:13     | Bought 2 orange potions for 57 gold pieces
 19406 | D:13     | Bought a lumpy inky potion for 28 gold pieces
 19406 | D:13     | Bought a bubbling amethyst potion for 28 gold pieces
 19406 | D:13     | Bought a scroll of identify for 64 gold pieces
 19445 | D:13     | Found a gate to the Vaults.
 20262 | D:14     | Received a gift from Trog
 20299 | D:14     | Noticed Urug
 20308 | D:14     | Killed Urug
 20480 | D:14     | Found a portal to a secret trove of treasure.
 20667 | D:14     | Reached skill level 18 in Axes
 20673 | D:14     | Found a shadowy altar of Dithmenos.
 20775 | D:15     | Entered Level 15 of the Dungeon
 20875 | D:15     | Noticed Louise
 20901 | D:15     | Killed Louise
 21052 | D:15     | Reached XP level 15. HP: 117/136 MP: 18/18
 21140 | D:15     | Found a staircase to the Depths.
 21576 | D:15     | Noticed Kirke
 21590 | D:15     | Killed Kirke
 21852 | Elf:1    | Entered Level 1 of the Elven Halls
 21967 | Elf:1    | Received a gift from Trog
 22103 | Elf:1    | Noticed a deep elf sorcerer
 22111 | Elf:1    | Killed a deep elf sorcerer
 22645 | Elf:1    | Noticed Roxanne
 22691 | Elf:1    | Reached skill level 5 in Stealth
 22724 | Elf:1    | Got a twisted hat
 22735 | Elf:1    | Identified the +0 hat "Cenybbujov" {rElec rF+ Str-3} (You acquired it on level 1 of the Elven Halls)
 23052 | Elf:1    | Found Fumool's Weapon Shop.
 23124 | Elf:2    | Got a spiked ring mail
 23135 | Elf:2    | Identified the cursed +0 ring mail of Riuty {rElec MR- Dex+3} (You found it on level 2 of the Elven Halls)
 23284 | Elf:2    | Found Nitotiupp's General Store.
 23315 | Elf:2    | Received a gift from Trog
 23614 | Elf:2    | Reached XP level 16. HP: 146/146 MP: 20/20
 23992 | Elf:2    | Found a huge runed gate.
 23992 | Elf:2    | Found a huge runed gate.
 23992 | Elf:2    | Found a huge runed gate.
 24079 | Elf:2    | Got a translucent ring mail
 24090 | Elf:2    | Identified the +3 ring mail "Xuvemaso" {Str-3 Dex+7} (You found it on level 2 of the Elven Halls)
 24279 | Orc:1    | Bought an uncursed ring of flight for 227 gold pieces
 24494 | Shoals:1 | Entered Level 1 of the Shoals
 24494 | Shoals:1 | Noticed Aizul
 24524 | Shoals:1 | Killed Aizul
 24703 | Shoals:1 | Noticed Nikola
 24728 | Shoals:1 | Killed Nikola
 24970 | Shoals:1 | Received a gift from Trog
 25526 | Shoals:2 | Reached skill level 10 in Dodging
 26074 | Shoals:2 | Noticed a kraken
 26111 | Shoals:2 | Killed a kraken
 26223 | Shoals:2 | Reached skill level 19 in Axes
 27204 | Shoals:4 | Entered Level 4 of the Shoals
 27210 | Shoals:4 | Reached skill level 15 in Shields
 27296 | Shoals:4 | Noticed Ilsuiw
 27308 | Shoals:4 | Killed Ilsuiw
 27405 | Shoals:4 | Reached skill level 15 in Armour
 27628 | Shoals:4 | Received a gift from Trog
 27657 | Shoals:4 | Reached skill level 15 in Fighting
 27684 | Shoals:4 | Got a sparkling ivory ring
 27686 | Shoals:4 | Identified the ring of Hyttics {rN+ Int+4} (You acquired it on level 4 of the Shoals)
 27739 | Shoals:4 | Reached XP level 17. HP: 97/156 MP: 22/22
 27813 | Shoals:4 | Got a barnacled rune of Zot
 28464 | Snake:1  | Entered Level 1 of the Snake Pit
 29090 | Snake:1  | You fall through a shaft!
 29332 | Snake:2  | Received a gift from Trog
 30451 | Snake:2  | Found Asecs's Jewellery Shoppe.
 30453 | Snake:2  | Found Cuqedgh's Gadget Boutique.
 30454 | Snake:2  | Found Qideeves's Jewellery Shoppe.
 30469 | Snake:2  | Bought a +6 amulet of reflection for 300 gold pieces
 30791 | Snake:3  | Found Vuesm's Weapon Emporium.
 30793 | Snake:3  | Found Saol's Armour Shoppe.
 31483 | Snake:4  | Entered Level 4 of the Snake Pit
 31791 | Snake:4  | Found Qefarap's Jewellery Shop.
 31953 | Snake:4  | Reached XP level 18. HP: 149/166 MP: 24/24
 32114 | Snake:4  | Found Qyaps's Antique Weapon Shoppe.
 32138 | Snake:4  | Found Qivagh's Distillery.
 32421 | Snake:4  | Bought a potion of agility for 76 gold pieces
 32587 | Snake:4  | Reached skill level 20 in Axes
 32696 | Snake:4  | Received a gift from Trog
 33256 | Snake:4  | Got a serpentine rune of Zot
 33487 | Snake:4  | Reached skill level 10 in Evocations
 33502 | Snake:4  | Received a gift from Trog
 34206 | Vaults:1 | Entered Level 1 of the Vaults
 34340 | Vaults:1 | Found Vaiczitzi's General Store.
 34694 | Vaults:1 | Received a gift from Trog
 35425 | Vaults:1 | Reached XP level 19. HP: 104/174 MP: 25/25
 35804 | Vaults:1 | Received a gift from Trog
 35956 | Vaults:1 | Noticed Jorgrun
 35977 | Vaults:1 | Killed Jorgrun
 36809 | Vaults:2 | Noticed Jory
 36868 | Vaults:2 | Killed Jory
 38100 | Vaults:2 | Found Kedolis's Weapon Boutique.
 38243 | Vaults:2 | Received a gift from Trog
 38246 | Vaults:2 | Got an ichor-stained war axe {god gift}
 38247 | Vaults:2 | Identified the +1 war axe of Doubt {freeze, rC++ SInv Stlth-} (Trog gifted it to you on level 2 of the Vaults)
 39055 | Vaults:3 | Reached skill level 21 in Axes
 39174 | Vaults:3 | Found Kizuhui's Weapon Emporium.
 39729 | Vaults:3 | Found a staircase to the Crypt.
 39729 | Vaults:3 | Found a basalt altar of Yredelemnul.
 39730 | Vaults:3 | Found an ancient bone altar of Kikubaaqudgha.
 40734 | Vaults:4 | Reached XP level 20. HP: 187/187 MP: 26/26
 40821 | Vaults:4 | Noticed Saint Roka
 40856 | Vaults:4 | Killed Saint Roka
 40882 | Vaults:4 | Received a gift from Trog
 41854 | Vaults:4 | Received a gift from Trog
 42995 | Elf:3    | Entered Level 3 of the Elven Halls
 43686 | Elf:3    | Received a gift from Trog
 44550 | Elf:3    | Reached XP level 21. HP: 189/195 MP: 27/27
 44551 | Elf:3    | Reached skill level 15 in Dodging
 44683 | Elf:3    | Got a jewelled long sword {flame}
 45014 | Elf:3    | Identified the +5 long sword "Xumauj" {flame, Str+3} (You took it off a deep elf sorcerer on level 3 of the Elven Halls)
 45033 | Elf:3    | Reached skill level 22 in Axes
 45035 | Elf:3    | Got a crude plate armour
 45046 | Elf:3    | Identified the +5 plate armour "Guomecs" {*Corrode +Blink rElec Dex-5} (You took it off a deep elf high priest on level 3 of the Elven Halls)
 45161 | Elf:3    | Received a gift from Trog
 45215 | Elf:3    | Got an ichor-stained ring mail
 45226 | Elf:3    | Identified the +2 ring mail "Izefeus" {rF+++ Str+2 Slay-6 Stlth+} (You found it on level 3 of the Elven Halls)
 45702 | Depths:1 | Entered Level 1 of the Depths
 45702 | Depths:1 | Found Nuacos's General Store.
 45857 | Depths:1 | Bought a potion of agility for 80 gold pieces
 46332 | Depths:1 | Found a shimmering altar of Xom.
 46404 | Depths:1 | Found a gateway to Hell.
 46703 | Depths:1 | Found a one-way gate to the infinite horrors of the Abyss.
 46743 | Depths:2 | Noticed Sojobo
 46799 | Depths:2 | Killed Sojobo
 46954 | Depths:2 | Received a gift from Trog
 48440 | Depths:2 | Noticed Asterion
 48441 | Depths:2 | Noticed a caustic shrike
 48574 | Depths:2 | Noticed a juggernaut
 48591 | Depths:2 | Received a gift from Trog
 48601 | Depths:2 | Killed a juggernaut
 48684 | Depths:2 | Killed a caustic shrike
 48684 | Depths:2 | Reached XP level 22. HP: 122/206 MP: 28/28
 48801 | Depths:2 | Found a runed door.
 49121 | Depths:2 | Killed Asterion
 49415 | Depths:2 | Received a gift from Trog
 50382 | Depths:3 | Got a scintillating lapis lazuli ring
 50447 | Depths:3 | Identified Myumizes's Volume of Creative Orientation
 50521 | Depths:3 | Received a gift from Trog
 50537 | Depths:3 | Identified the ring "Tiagad" {*Drain rC+ rN+ Stlth+} (You found it on level 3 of the Depths)
 50886 | Depths:3 | Got a pair of jewelled boots
 50897 | Depths:3 | Identified the +2 pair of boots "Gygoac" {rF+ rN+++ MR- Regen+} (You found it on level 3 of the Depths)
 50919 | Depths:3 | Found a one-way gate leading to the halls of Pandemonium.
 51510 | Depths:4 | Noticed a caustic shrike
 51511 | Depths:4 | Noticed a caustic shrike
 51511 | Depths:4 | Noticed a caustic shrike
 51511 | Depths:4 | Noticed a caustic shrike
 51722 | Depths:4 | Noticed a caustic shrike
 51735 | Depths:4 | Killed a caustic shrike
 51735 | Depths:4 | Reached skill level 23 in Axes
 51750 | Depths:3 | Slain by a caustic shrike

Skill      XL: |  1  2  3  4  5  6  7  8  9 10 11 12 13 14 15 16 17 18 19 20 21 22 |
---------------+-------------------------------------------------------------------+-----
Axes           | 4 5 7 8 9 11 14 15 16 17 18 19 20 21 22 23 | 23.0
Fighting       | 6 8 10 11 12 13 14 15 16 17 18 19 20 | 20.2
Shields        | 4 7 9 11 12 13 14 15 16 17 18 19 | 19.9
Armour         | 5 7 10 11 12 13 14 15 16 17 18 19 20 | 20.0
Evocations     | 2 4 5 7 8 9 10 | 10.5
Dodging        | 3 6 7 9 10 11 12 13 14 16 | 16.8
Stealth        | 3 5 |  5.3

Action                   |  1- 3 |  4- 6 |  7- 9 | 10-12 | 13-15 | 16-18 | 19-21 | 22-24 || total
-------------------------+-------+-------+-------+-------+-------+-------+-------+-------++-------
Melee: Hand axe          |    79 |   176 |   517 |    71 |       |       |       |       ||   843
       Headbutt          |    10 |    20 |   100 |   126 |   278 |   368 |   453 |   163 ||  1518
       War axe           |       |       |       |   238 |   331 |   192 |    17 |       ||   778
       Broad axe         |       |       |       |   305 |   927 |  1395 |  1721 |   391 ||  4739
       Staff             |       |       |       |       |       |     7 |       |       ||     7
       Demon trident     |       |       |       |       |       |    17 |       |    80 ||    97
       Executioner's axe |       |       |       |       |       |    16 |       |       ||    16
Throw: Throwing net      |       |       |       |     1 |     1 |       |       |       ||     2
Invok: Berserk           |       |     2 |     8 |     3 |     1 |     3 |     1 |       ||    18
       Trog's Hand       |       |     2 |     2 |     1 |     8 |    12 |     6 |       ||    31
       Burn Spellbooks   |       |       |       |     1 |     1 |     3 |     2 |     2 ||     9
       Brothers in Arms  |       |       |       |       |     8 |    13 |     7 |       ||    28
 Abil: Evoke Flight      |       |       |       |       |       |    13 |       |       ||    13
       Stop Flying       |       |       |       |       |       |     1 |       |       ||     1
Evoke: Lamp of fire      |       |       |       |       |     2 |     2 |     2 |       ||     6
       Wand              |       |       |       |       |     1 |     8 |       |     1 ||    10
       Box of beasts     |       |       |       |       |       |     4 |       |       ||     4
       Fan of gales      |       |       |       |       |       |     1 |       |       ||     1
  Use: Scroll            |       |       |    13 |     9 |    24 |    13 |    18 |     8 ||    85
       Potion            |       |       |       |       |       |    13 |     9 |     3 ||    25
 Stab: Distracted        |       |       |       |       |     2 |     3 |     2 |       ||     7
       Held in net/web   |       |       |       |       |     1 |       |       |       ||     1
  Eat: Chunk             |     1 |    10 |    18 |    15 |    28 |    21 |    25 |     4 ||   122
       Fruit             |       |       |     3 |     3 |    10 |       |     2 |       ||    18
       Pizza             |       |       |       |     3 |     1 |     5 |     7 |       ||    16
       Royal jelly       |       |       |       |       |     2 |     1 |       |     3 ||     6
       Meat ration       |       |       |       |       |     2 |       |     1 |       ||     3
       Beef jerky        |       |       |       |       |       |    12 |     5 |       ||    17
       Bread ration      |       |       |       |       |       |     2 |       |       ||     2
Armor: Animal skin       |    18 |     8 |       |       |       |       |       |       ||    26
       Leather armour    |       |     8 |       |       |       |       |       |       ||     8
       Ring mail         |       |    14 |    21 |       |       |       |       |       ||    35
       Chain mail        |       |       |    96 |   196 |    59 |       |       |       ||   351
       Plate armour      |       |       |       |       |   275 |   410 |   370 |    89 ||  1144
Dodge: Dodged            |    32 |    55 |    79 |   142 |   220 |   349 |   321 |    89 ||  1287
Block: Shield            |       |    50 |   161 |   359 |   313 |       |       |       ||   883
       Large shield      |       |       |       |       |   543 |  1393 |  1466 |   436 ||  3838
       Reflection        |       |       |       |       |       |   117 |   136 |    20 ||   273
       Other             |       |       |       |       |       |    52 |    51 |       ||   103
